 Dungeon Crawl Stone Soup version 0.18.1-50-g88ac8fd (webtiles) character file.

55449 Nahar the Peltast (level 14, -1/127 HPs)
             Began as a Deep Dwarf Fighter on Oct 3, 2016.
             Was a High Priest of the Shining One.
             Hit by a large rock thrown by a cyclops (28 damage)
             ... on level 2 of the Orcish Mines on Oct 20, 2016.
             The game lasted 02:15:05 (18049 turns).

Nahar the Peltast (Deep Dwarf Fighter)             Turns: 18049, Time: 02:15:06

Health: -1/127     AC: 31    Str: 21 (24) XL:     14   Next: 38%
Magic:  0/0        EV: 16    Int:  7 (10) God:    the Shining One [*****.]
Gold:   977        SH: 15    Dex: 15 (17) Spells: 0 memorised, 13 levels left

rFire  . . .     SeeInvis .     a - +3 trident (protect)
rCold  . . .     Gourm    .     F - +3 plate armour {MR+}
rNeg   + + +     Faith    .     c - +0 shield
rPois  .         Spirit   .     D - +0 hat
rElec  .         Dismiss  .     p - +0 cloak
rCorr  .         Reflect  .     U - +0 pair of gloves
SustAt .         Harm     .     (no boots)
MR     +++..     Rnd*Rage +     (no amulet)
Stlth  ..........               Q - +5 ring of dexterity
                                x - +6 ring of evasion

@: non-regenerating, glowing, extremely resistant to hostile enchantments,
extremely unstealthy
A: damage resistance, recharge devices, slimy green scales 1, thin metallic
scales 1, berserk 1, negative energy resistance 1, sense surroundings 2, slow
regeneration 3
a: Device Recharging, Divine Shield, Cleansing Flame, Summon Divine Warrior,
Renounce Religion


You were on level 2 of the Orcish Mines.
You worshipped the Shining One.
The Shining One was extremely pleased with you.
You were not hungry.

You visited 4 branches of the dungeon, and saw 24 of its levels.
You also visited: Sewer and Ossuary.

You collected 1702 gold pieces.
You spent 725 gold pieces at shops.

Inventory:

Hand Weapons
 a - a +3 trident of protection (weapon)
Armour
 c - a +0 shield (worn)
 p - a +0 cloak (worn)
 D - a +0 hat (worn)
 F - a +3 plate armour of magic resistance (worn)
 U - a +0 pair of gloves (worn)
Jewellery
 x - a +6 ring of evasion (left hand)
 Q - a +5 ring of dexterity (right hand)
Wands
 e - a wand of heal wounds (0/9)
 h - a wand of teleportation (2/9)
 m - a wand of flame (24/48)
 q - a wand of polymorph (14/24)
 t - a wand of digging (4/24)
 B - a wand of digging (18/24)
 G - a wand of lightning (9/15)
 J - a wand of iceblast (10/15)
 K - a wand of teleportation (5/9)
 L - a wand of lightning (8/15)
 M - a wand of teleportation (3/9)
 P - a wand of teleportation (5/9)
 S - a wand of lightning (0/15)
Scrolls
 o - 5 scrolls of remove curse
 v - a scroll of fog
 w - 2 scrolls of teleportation
 y - 2 scrolls of amnesia
 H - a scroll of enchant weapon
 O - 2 scrolls of magic mapping
 R - a scroll of identify
Potions
 d - 3 potions of might
 i - 2 potions of lignification
 k - 5 potions of brilliance
 n - 2 potions of resistance
 r - 4 potions of flight
 s - 2 potions of agility
 A - 2 potions of berserk rage
 E - 2 potions of haste
 N - a potion of degeneration
Comestibles
 f - 9 bread rations
 g - 9 meat rations
 j - 3 beef jerkies
 u - 2 royal jellies
 C - 4 fruits
 I - 7 slices of pizza


   Skills:
 + Level 8.6 Fighting
 + Level 10.4 Polearms
 * Level 13.1 Armour
 + Level 6.6 Dodging
 + Level 1.1 Stealth
 * Level 17.2 Shields
 + Level 3.5 Evocations


You had 13 spell levels left.
You didn't know any spells.

Dungeon Overview and Level Annotations

Branches:
Dungeon (13/15)            Temple (1/1) D:6            Lair (8/8) D:9
 Shoals (0/4) Lair:4        Snake (0/4) Lair:3        Slime (0/6) Lair:8
    Orc (2/2) D:12
    Elf: Orc:2       Vaults: D:13-14

Altars:
Ashenzari
Dithmenos
Fedhas
Gozag
Kikubaaqudgha
Nemelex Xobeh
Pakellas
Trog
Yredelemnul
The Shining One
Beogh
Jiyva

Shops:
D:9 !   D:12 ([

Annotations:
D:7 exclusion: oklob plant
D:9 varam's ghost, novice DrTm
Lair:8 Josephine


Innate Abilities, Weirdness & Mutations

You are resistant to damage.
You can recharge devices by infusing magical energy.
You resist negative energy.
You passively map the area around you.
You do not regenerate naturally.
You are partially covered in slimy green scales (AC +2).
You are partially covered in thin metallic scales (AC +2).
You tend to lose your temper in combat.


Message History

Things that are here:
a dagger; a robe
There is a stone staircase leading down here.
You climb downwards.
You hear a distant snort.
Hark!
There is an entrance to a minotaur's labyrinth on this level.
Find the entrance quickly before the gate is sealed!
Found 35 gold pieces.
Found a roughly hewn altar of Beogh.
There is a stone staircase leading up here.
Number of times to repeat, then command key: You must enter the number of times for the command to repeat.
There is a roughly hewn altar of Beogh here.
A cyclops comes into view.
The cyclops shouts!
The cyclops throws a large rock.
You block the large rock.
You see here a large rock.
The cyclops throws a large rock.
The large rock hits you!!
* * * LOW HITPOINT WARNING * * *
You see here a large rock.
The cyclops throws a large rock.
The large rock hits you!!
You die...

, , , , , ,, ,, , ,
............. * * **
............., * , ,
*.........#..* * *
#.......C... * , ,
#........... * ,,
#..........# * ,
*###......#...##
#####....#@.......## *
..........(...$....#
*...#..............#
*.........(........#.,
, #.#...#.............
##..........<.......,
#..................#
#...................,,*
......._............


You could see a cyclops.

Vanquished Creatures
  Gastronok (Lair:3)
  Kirke (Lair:8)
  A fire dragon (Lair:8)
  Harold (Lair:3)
  8 hydras
  A death yak (Lair:5)
  Sonja (D:11)
  The ghost of Galewind the Destroyer, a novice DECj of Vehumet (D:10)
  2 hill giants (D:11)
  2 lindwurms (Lair:8)
  2 ugly things
  A griffon (Lair:8)
  A cyclops (D:11)
  12 elephants
  An orc sorcerer (D:12)
  7 black mambas
  12 spiny frogs
  7 torpor snails
  A rime drake (Lair:7)
  8 komodo dragons
  A yaktaur (D:12)
  A kobold demonologist (D:12)
  2 polar bears
  6 giant leeches (Lair:8)
  3 trolls
  9 blink frogs
  Grinder (D:6)
  A two-headed ogre (D:8)
  A redback (Lair:8)
  34 yaks
  2 wraiths
  3 wyverns
  A basilisk (Lair:2)
  Grum (Lair:1)
  Menkaure (D:6)
  8 hippogriffs
  4 vampire mosquitoes (D:12)
  Edmund (D:6)
  3 wargs
  2 nagas (Lair:3)
  14 porcupines
  Duvessa (D:6)
  13 water moccasins
  An ice beast (D:11)
  2 phantoms
  7 orc warriors
  4 wasps (Lair:8)
  2 ogres (D:8)
  5 sky beasts
  30 wolves
  7 centaurs
  12 crocodiles
  2 big kobolds
  A wyvern zombie (D:12)
  15 giant frogs
  A water moccasin zombie (Ossuary)
  Dowan (D:6)
  A scorpion (D:4)
  4 wights (D:7)
  4 howler monkeys
  An electric eel (Lair:3)
  6 crimson imps
  3 centaur zombies
  4 hounds
  A jelly (D:9)
  5 orc priests
  11 orc wizards
  3 giant frog zombies
  3 quasits
  Crazy Yiuf (D:3)
  4 centaur skeletons
  A giant frog skeleton (D:5)
  Jessica (D:3)
  9 iguanas
  7 worker ants
  A hell rat (Lair:1)
  6 big kobold zombies (Ossuary)
  A hound zombie (D:5)
  3 hound skeletons
  2 mummies (Ossuary)
  21 adders
  A howler monkey skeleton (D:10)
  54 river rats
  A shadow imp (D:8)
  An ooze (Sewer)
  4 adder zombies (Ossuary)
  4 adder skeletons
  20 worms
  4 dart slugs
  12 giant geckos
  48 orcs
  5 ball pythons
  10 bats
  5 giant cockroaches
  11 goblins
  5 hobgoblins
  2 jackals (D:1)
  3 quokkas
  6 giant newts
  3 gnoll zombies (Ossuary)
  A hobgoblin zombie (Ossuary)
  A jackal skeleton (D:4)
  A jackal zombie (D:9)
  23 kobolds
  6 kobold zombies (Ossuary)
  4 orc zombies (Ossuary)
  A quokka zombie (D:9)
  33 rats
  A plant (Lair:8)
647 creatures vanquished.

Vanquished Creatures (others)
  3 humans (Lair:8)
  A worker ant (Lair:8)
  A worm (Lair:8)
  A giant gecko (D:5)
  An orc (D:9)
  38 fungi
  49 plants
94 creatures vanquished.

Grand Total: 741 creatures vanquished

Notes
Turn   | Place    | Note
--------------------------------------------------------------
     0 | D:1      | Nahar the Deep Dwarf Fighter began the quest for the Orb.
     0 | D:1      | Reached XP level 1. HP: 20/20 MP: 1/1
   204 | D:1      | Reached XP level 2. HP: 27/27 MP: 2/2
  1103 | D:2      | Reached skill level 1 in Dodging
  1108 | D:2      | Reached XP level 3. HP: 20/33 MP: 3/3
  1379 | D:2      | Reached skill level 4 in Shields
  1535 | D:3      | Reached XP level 4. HP: 16/40 MP: 4/4
  1676 | D:3      | Noticed Jessica
  1729 | D:3      | Killed Jessica
  1842 | D:3      | Found a shattered altar of Ashenzari.
  1881 | D:3      | Reached XP level 5. HP: 43/49 MP: 5/5
  1980 | D:3      | Found a glowing drain.
  1984 | Sewer    | Entered a sewer
  2323 | Sewer    | Reached XP level 6. HP: 53/56 MP: 6/6
  2366 | Sewer    | Reached skill level 5 in Shields
  2696 | D:3      | Noticed Crazy Yiuf
  2708 | D:3      | Killed Crazy Yiuf
  2781 | D:4      | Reached skill level 5 in Armour
  2916 | D:4      | Reached XP level 7. HP: 44/62 MP: 7/7
  3199 | D:4      | Reached skill level 6 in Shields
  3291 | D:5      | Entered Level 5 of the Dungeon
  3543 | D:5      | Found a basalt altar of Yredelemnul.
  3583 | D:5      | Reached XP level 8. HP: 36/72 MP: 8/8
  3614 | D:5      | Found a sand-covered staircase.
  3621 | Ossuary  | Entered an ossuary
  3743 | Ossuary  | Reached skill level 7 in Shields
  4293 | D:6      | Noticed Edmund
  4315 | D:6      | Killed Edmund
  4401 | D:6      | Noticed Duvessa
  4411 | D:6      | Noticed Dowan
  4411 | D:6      | Killed Duvessa
  4428 | D:6      | Killed Dowan
  4499 | D:6      | Noticed Menkaure
  4509 | D:6      | Killed Menkaure
  4509 | D:6      | Reached skill level 8 in Shields
  4585 | D:6      | Reached skill level 1 in Evocations
  4595 | D:6      | Found a blossoming altar of Fedhas.
  4658 | D:6      | Gained mutation: You passively map the area around you. [Deep Dwarf growth]
  4658 | D:6      | Reached XP level 9. HP: 45/78 MP: 9/9
  4783 | D:6      | Reached skill level 5 in Dodging
  4946 | D:6      | Found a staircase to the Ecumenical Temple.
  4974 | Temple   | Entered the Ecumenical Temple
  4990 | Temple   | Became a worshipper of the Shining One
  5273 | D:6      | Noticed Grinder
  5281 | D:6      | Paralysed by Grinder for 5 turns
  5293 | D:6      | Killed Grinder
  5490 | D:7      | Reached * piety under the Shining One
  5557 | D:7      | Noticed an oklob plant
  5574 | D:7      | Reached skill level 5 in Polearms
  5574 | D:7      | Reached skill level 9 in Shields
  5587 | D:7      | Found a shadowy altar of Dithmenos.
  6113 | D:8      | Found an ancient bone altar of Kikubaaqudgha.
  6366 | D:8      | Found an oddly glowing altar of Pakellas.
  6508 | D:9      | Reached ** piety under the Shining One
  6535 | D:8      | Reached skill level 5 in Fighting
  6560 | D:8      | Reached XP level 10. HP: 59/88 MP: 9/9
  6566 | D:8      | Reached skill level 10 in Shields
  6745 | D:9      | Noticed varam's ghost (novice DrTm)
  7001 | D:8      | Reached skill level 11 in Shields
  7201 | D:10     | Entered Level 10 of the Dungeon
  7532 | D:10     | Noticed Galewind's ghost (novice DECj)
  7554 | D:10     | Killed Galewind's ghost
  7788 | D:11     | Noticed a five-headed hydra
  7817 | D:11     | Noticed a hill giant
  7836 | D:11     | Killed a five-headed hydra
  7836 | D:11     | Reached XP level 11. HP: 57/97 MP: 9/9
  7848 | D:11     | Killed a hill giant
  7934 | D:11     | Reached *** piety under the Shining One
  7959 | D:11     | Noticed Sonja
  8002 | D:11     | Killed Sonja
  8002 | D:11     | Reached skill level 10 in Armour
  8002 | D:11     | Reached skill level 12 in Shields
  8113 | D:11     | Noticed a hill giant
  8128 | D:11     | Killed a hill giant
  8333 | D:11     | Noticed a four-headed hydra
  8355 | D:11     | Killed a four-headed hydra
  8389 | D:11     | Noticed a purple ugly thing
  8413 | D:11     | Killed a purple ugly thing
  8601 | D:12     | Found Haoh's Armour Shoppe.
  8601 | D:12     | Found a staircase to the Orcish Mines.
  8601 | D:12     | Found Fytug's Weapon Shoppe.
  8626 | D:12     | Reached skill level 13 in Shields
  8751 | D:12     | Bought a +1 plate armour of magic resistance for 455 gold pieces
  8904 | D:12     | Noticed a brown ugly thing
  8925 | D:12     | Killed a brown ugly thing
  9095 | D:12     | Reached **** piety under the Shining One
  9789 | D:13     | Noticed a yaktaur captain
  9889 | D:9      | Found Lim Ibby's Distillery.
  9895 | D:9      | Bought a potion of heal wounds for 75 gold pieces
  9895 | D:9      | Bought a potion of heal wounds for 75 gold pieces
  9895 | D:9      | Bought a potion of heal wounds for 75 gold pieces
 10169 | D:9      | Found a staircase to the Lair.
 10196 | Lair:1   | Entered Level 1 of the Lair of Beasts
 10329 | Lair:1   | Reached XP level 12. HP: 63/106 MP: 6/6
 10508 | Lair:1   | Noticed Grum
 10522 | Lair:1   | Killed Grum
 10642 | Lair:1   | Noticed an eight-headed hydra
 10657 | Lair:1   | Killed an eight-headed hydra
 11267 | Lair:2   | Reached skill level 14 in Shields
 11687 | Lair:3   | Noticed Gastronok
 11695 | Lair:3   | Noticed Harold
 11739 | Lair:3   | Killed Harold
 11772 | Lair:3   | Killed Gastronok
 11807 | Lair:3   | Found a staircase to the Snake Pit.
 12254 | Lair:4   | Reached skill level 1 in Stealth
 12365 | Lair:4   | Noticed an eight-headed hydra
 12374 | Lair:4   | Killed an eight-headed hydra
 12374 | Lair:4   | Reached skill level 15 in Shields
 12374 | Lair:4   | Reached XP level 13. HP: 67/115 MP: 5/5
 13035 | Lair:4   | Found a staircase to the Shoals.
 13044 | Lair:4   | Reached ***** piety under the Shining One
 14401 | Lair:6   | Reached skill level 16 in Shields
 15665 | Lair:7   | Reached skill level 10 in Polearms
 15699 | Lair:8   | Entered Level 8 of the Lair of Beasts
 15700 | Lair:8   | Found a viscous altar of Jiyva.
 15700 | Lair:8   | Found a staircase to the Slime Pits.
 15812 | Lair:8   | Gained mutation: You resist negative energy. [Deep Dwarf growth]
 15812 | Lair:8   | Reached XP level 14. HP: 95/126 MP: 1/1
 15919 | Lair:8   | Found a runed door.
 15934 | Lair:8   | Noticed Kirke
 15944 | Lair:8   | Noticed a sphinx
 15953 | Lair:8   | Killed Kirke
 16255 | Lair:8   | Reached skill level 17 in Shields
 16686 | Lair:8   | Noticed Josephine
 17174 | D:7      | Got a dull robe
 17175 | D:7      | Identified the +1 robe of Filth {-Cast Str+7 Stlth+} (You found it on level 7 of the Dungeon)
 17517 | D:9      | Bought a potion of curing for 45 gold pieces
 17579 | Orc:1    | Entered Level 1 of the Orcish Mines
 17689 | D:12     | Gained mutation: You are partially covered in slimy green scales (AC +2). [potion of mutation]
 17689 | D:12     | Gained mutation: You are partially covered in thin metallic scales (AC +2). [potion of mutation]
 17689 | D:12     | Gained mutation: You tend to lose your temper in combat. [potion of mutation]
 18036 | Orc:2    | Entered Level 2 of the Orcish Mines
 18036 | Orc:2    | Found a roughly hewn altar of Beogh.
 18049 | Orc:2    | Hit by a large rock thrown by a cyclops

Skill      XL: |  1  2  3  4  5  6  7  8  9 10 11 12 13 14 |
---------------+-------------------------------------------+-----
Dodging        | 1 2 3 4 5 6 |  6.6
Polearms       | 2 3 4 5 7 8 9 10 | 10.4
Armour         | 4 5 6 7 8 9 10 12 13 | 13.1
Shields        | 4 5 6 8 9 11 13 15 16 17 | 17.2
Fighting       | 3 4 5 6 7 8 |  8.6
Evocations     | 1 2 3 |  3.5
Stealth        | 1 |  1.1

Action                   |  1- 3 |  4- 6 |  7- 9 | 10-12 | 13-15 || total
-------------------------+-------+-------+-------+-------+-------++-------
Melee: Trident           |   168 |   335 |   732 |  1358 |  1454 ||  4047
 Abil: Device Recharging |       |       |     1 |     9 |     6 ||    16
Evoke: Wand              |       |     4 |    10 |    48 |    35 ||    97
  Use: Scroll            |     8 |     5 |    11 |    14 |     9 ||    47
       Potion            |       |     1 |     1 |    16 |    15 ||    33
 Stab: Fleeing           |       |       |       |       |     1 ||     1
  Eat: Bread ration      |     1 |     1 |     1 |     1 |       ||     4
       Beef jerky        |       |       |     1 |     7 |       ||     8
       Fruit             |       |       |     3 |     3 |     7 ||    13
       Meat ration       |       |       |     1 |     1 |     3 ||     5
       Chunk             |       |       |       |     1 |       ||     1
Armor: Scale mail        |    44 |   146 |   168 |       |       ||   358
       Plate armour      |       |       |    84 |   528 |   522 ||  1134
Dodge: Dodged            |    41 |   106 |   270 |   683 |   924 ||  2024
Block: Shield            |    65 |   188 |   396 |   962 |  1322 ||  2933
